 Dungeon Sprint DCSS version 0.28.0-53-g5a82cb258f (webtiles) character file.

Game seed: 13044613859108808081

435 Groucho the Unseen (level 6, -7/28 HPs)
             Began as a Spriggan Enchanter on Aug 14, 2022.
             Was an Initiate of Dithmenos.
             Mangled by a slime creature (18 damage)
             ... in the Dungeon (Sprint I: "Red Sonja").
             The game lasted 00:03:13 (987 turns).

Groucho the Unseen (Spriggan Enchanter)              Turns: 987, Time: 00:03:13

Health: -7/28      AC:  2    Str:  4    XL:     6   Next: 68%
Magic:  14/15      EV: 17    Int: 17    God:    Dithmenos [......]
Gold:   297        SH:  0    Dex: 17    Spells: 5/16 levels left

rFire   . . .      SeeInvis +   a - +1 dagger
rCold   . . .      Faith    .   (no shield)
rNeg    . . .      Spirit   .   b - +0 robe
rPois   .          Reflect  .   (helmet restricted)
rElec   .          Harm     .   (no cloak)
rCorr   .          Rampage  .   (gloves unavailable)
Will    +....      NoTele   +   (boots unavailable)
Stlth   +++++++...              (no amulet)
HPRegen 0.09/turn               (no ring)
MPRegen 0.14/turn               (no ring)

@: very quick
A: very small, no large weapons, unfitting armour, see invisible, speed 3
a: Renounce Religion


You were in the Dungeon.
You worshipped Dithmenos.
Dithmenos was noncommittal.
You visited 1 branch You collected 297 gold pieces.

Inventory:

Hand Weapons
 a - a +1 dagger (weapon)
 k - a +0 rapier
Armour
 b - a +0 robe (worn)
Wands
 h - a wand of digging (4)
Scrolls
 i - a scroll of blinking
 j - 2 scrolls of enchant armour {unknown}
Potions
 c - a potion of invisibility
 f - a potion of haste
 g - 2 potions of magic


   Skills:
 - Level 1.1 Short Blades
 - Level 2.6 Dodging
 + Level 19.7 Stealth
 + Level 5.8 Spellcasting
 + Level 6.3 Hexes


You had 5 spell levels left.
You knew the following spells:

 Your Spells              Type           Power      Damage    Failure   Level
a - Confusing Touch       Hex            26%        N/A       3%          3
b - Ensorcelled Hibernat  Hex/Ice        30%        N/A       5%          2
c - Dazzling Flash        Conj/Hex       30%        N/A       11%         3
d - Tukima's Dance        Hex            26%        N/A       3%          3

Your spell library contained the following spells:

 Spells                   Type           Power      Damage    Failure   Level


Dungeon Overview and Level Annotations

Branches:
Dungeon (1/1)

Altars:
Cheibriados
Dithmenos
Elyvilon
Fedhas
Gozag
Hepliaklqana
Kikubaaqudgha
Makhleb
Nemelex Xobeh
Okawaru
Qazlal
Ru
Sif Muna
Trog
Uskayaw
Vehumet
Wu Jian
Xom
Yredelemnul
Zin
The Shining One
Jiyva
Lugonu

Shops:
D *


Innate Abilities, Weirdness & Mutations

You are very small and have problems with some larger weapons.
You are too small for most types of armour.
You have supernaturally acute eyesight. (SInv)
You cover ground extremely quickly. (Speed+++)


Message History

You start resting.
You start resting.
HP restored.
You start waiting.
You start waiting.
Done waiting.
Casting: Confusing Touch (dangerous; 3% risk of failure)
Confirm with . or Enter, or press ? or * to list all spells.
Your hands begin to glow red.
You open the door.
There is an open door here.
You see here a +0 giant spiked club.
There is an open door here.
There is an open door here.
The slime creature quivers.
There is an open door here.
You hit the slime creature but do no damage.
The slime creature hits you.
You hit the slime creature but do no damage.
The slime creature hits you but does no damage.
You hit the slime creature but do no damage.
The slime creature appears confused.
You hit the slime creature.
The slime creature is lightly wounded.
The slime creature hits you!
Ouch! That really hurt!
You are too injured to fight recklessly!
You are too injured to fight recklessly!
You are too injured to fight recklessly!
You hit the slime creature.
The slime creature is lightly wounded.
There is an ornate altar of the Wu Jian Council here.
You strike the helpless slime creature from behind!
You impale the slime creature!!
The slime creature is heavily wounded.
You hit the slime creature.
The slime creature is severely wounded.
The slime creature hits you!!
Ouch! That really hurt!
You die...

###################
#<.#..'..#.)...#__#
#..)..#.)'..#..'..+
#..#####'#####'#__#
#..####..#...#.####
#..#__####..##.#
#..#_____##'#_.+
#⌠⌠#_.∩...'J@._#
####_..__##_.#'#
#_____###+#.#
####### ###


You could see a slime creature (confused).

Vanquished Creatures
  Sigmund (D)
  A yak (D)
  An ogre (D)
  A jelly (D)
  Ijyb (D)
5 creatures vanquished.

Notes
Turn   | Place    | Note
-------+----------+-------------------------------------------
     0 | D        | Groucho the Spriggan Enchanter began the quest for the Orb.
     0 | D        | Reached XP level 1. HP: 9/9 MP: 5/5
     2 | D        | Noticed Ijyb
     9 | D        | Killed Ijyb
    10 | D        | Reached skill level 10 in Stealth
    10 | D        | Reached XP level 2. HP: 13/13 MP: 6/6
   155 | D        | Noticed an ogre
   157 | D        | Killed an ogre
   158 | D        | Reached skill level 14 in Stealth
   158 | D        | Reached XP level 3. HP: 16/16 MP: 8/8
   158 | D        | Reached XP level 4. HP: 21/21 MP: 9/9
   171 | D        | Noticed Sigmund
   173 | D        | Killed Sigmund
   174 | D        | Reached skill level 18 in Stealth
   174 | D        | Reached XP level 5. HP: 24/24 MP: 10/10
   186 | D        | Found a shimmering blue altar of Sif Muna.
   187 | D        | Found an ornate altar of the Wu Jian Council.
   188 | D        | Found a radiant altar of Vehumet.
   220 | D        | Learned a level 3 spell: Confusing Touch
   231 | D        | Learned a level 2 spell: Ensorcelled Hibernation
   287 | D        | Reached skill level 19 in Stealth
   287 | D        | Reached XP level 6. HP: 21/28 MP: 0/12
   291 | D        | Learned a level 3 spell: Dazzling Flash
   295 | D        | Learned a level 3 spell: Tukima's Dance
   507 | D        | Found Wyach's Assorted Antiques.
   507 | D        | Found an ancient bone altar of Kikubaaqudgha.
   507 | D        | Found a hazy altar of Hepliaklqana.
   507 | D        | Found a stormy altar of Qazlal.
   507 | D        | Found a hide-covered altar of Uskayaw.
   507 | D        | Found a blossoming altar of Fedhas.
   507 | D        | Found a bloodstained altar of Trog.
   507 | D        | Found an iron altar of Okawaru.
   507 | D        | Found a basalt altar of Yredelemnul.
   507 | D        | Found a glowing golden altar of the Shining One.
   507 | D        | Found a snail-covered altar of Cheibriados.
   507 | D        | Found a sacrificial altar of Ru.
   507 | D        | Found a glowing silver altar of Zin.
   507 | D        | Found a shadowy altar of Dithmenos.
   507 | D        | Found a white marble altar of Elyvilon.
   507 | D        | Noticed a yak
   508 | D        | Found an opulent altar of Gozag.
   509 | D        | Killed a yak
   510 | D        | Reached skill level 5 in Spellcasting
   510 | D        | Found a sparkling altar of Nemelex Xobeh.
   518 | D        | Became a worshipper of Dithmenos the Shadowed
   537 | D        | Found a burning altar of Makhleb.
   537 | D        | Found a shimmering altar of Xom.
   537 | D        | Noticed a slime creature
   538 | D        | Found a viscous altar of Jiyva.
   538 | D        | Found a corrupted altar of Lugonu.
   987 | D        | Mangled by a slime creature

Illustrated notes

Levels and vault maps discovered:
D:        dungeon_sprint_1 [red_sonja_temple_1, red_sonja_temple_small_1]

Skill      XL: |  1  2  3  4  5  6 |
---------------+-------------------+-----
Stealth        | 10 14 18 19 | 19.7
Spellcasting   | 3 5 |  5.8
Hexes          | 4 6 |  6.3
Short Blades   | |  1.1
Dodging        | |  2.6

Action                   |  1- 3 |  4- 6 || total
-------------------------+-------+-------++-------
Melee: Dagger            |     4 |    20 ||    24
       Punch             |       |     1 ||     1
 Cast: Ensorcelled Hiber |       |     7 ||     7
       Confusing Touch   |       |     2 ||     2
  Use: Potion            |     1 |     2 ||     3
 Stab: Sleeping          |     2 |     3 ||     5
       Confused          |       |     1 ||     1
Armor: Robe              |       |     2 ||     2
Dodge: Dodged            |     2 |    11 ||    13
